 Dungeon Crawl Stone Soup version 0.17-a0-2073-gde5cdba (webtiles) character file.

95 Jackolantern the Slasher (level 4, 0/44 HPs)
             Began as a Troll Chaos Knight on Oct 16, 2015.
             Was an Initiate of Gozag.
             Slain by Sagittarian's ghost (8 damage)
             ... on level 3 of the Dungeon.
             The game lasted 00:04:13 (958 turns).

Jackolantern the Slasher (Troll Chaos Knight)        Turns: 958, Time: 00:04:13

Health: 0/44       AC:  7    Str: 21    XL:     4   Next: 39%
Magic:  3/3        EV: 10    Int:  8    God:    Gozag
Gold:   253        SH:  0    Dex:  9    Spells: 0 memorised, 3 levels left

rFire  . . .     SeeInvis .     o - +0 whip
rCold  . . .     Clarity  .     a - +2 robe {rN+}
rNeg   + . .     SustAt   .     (no shield)
rPois  .         Gourm    +     (helmet restricted)
rElec  .         Spirit   .     (no cloak)
rCorr  .         Warding  .     (gloves unavailable)
rMut   .         Stasis   .     (boots unavailable)
MR     .....                    d - amulet of regeneration (curse)
Stlth  +.........               (no ring)
                                (no ring)

@: not resistant to hostile enchantments, very unstealthy
A: unfitting armour, claws 3, fast metabolism 3, gourmand, regeneration 2,
shaggy fur 1, tough skin 2
a: Potion Petition, Call Merchant, Bribe Branch, Renounce Religion


You were on level 3 of the Dungeon.
You worshipped Gozag.
Gozag was noncommittal.
You were not hungry.

You visited 1 branch of the dungeon, and saw 3 of its levels.

You collected 311 gold pieces.
You paid 58 gold pieces to Gozag.

Inventory:

Hand Weapons
 o - a +0 whip (weapon)
Armour
 a - a +2 robe of positive energy (worn)
Jewellery
 d - a cursed amulet of regeneration (around neck)
Scrolls
 e - a scroll of random uselessness {unknown}
 f - 3 scrolls of identify {unknown}
 g - a scroll of amnesia {unknown}
 i - 2 scrolls of fog {unknown}
 m - a scroll of enchant armour {unknown}
 n - a scroll of enchant weapon {unknown}
Potions
 h - 2 potions of might {unknown}
 j - 2 potions of haste {unknown}
 l - 2 potions of curing {unknown}
Comestibles
 c - 2 bread rations
 k - a meat ration


   Skills:
 + Level 2.8 Fighting
   Level 2.8 Long Blades
 + Level 1.0 Maces & Flails
 + Level 1.3 Armour
 + Level 2.6 Dodging


You had 3 spell levels left.
You didn't know any spells.

Dungeon Overview and Level Annotations

Branches:
Dungeon (3/15)

Altars:
Gozag

Annotations:
D:3 Sagittarian's ghost, weakling DsGl


Innate Abilities, Weirdness & Mutations

You are too large for most types of armour.
You have claws for hands.
Your metabolism is lightning-fast.
You like to eat raw meat.
You heal very quickly.
You are covered in fur (AC +1).
You have very tough skin (AC +2).


Message History

Sagittarian's ghost hits you but does no damage.
You closely miss Sagittarian's ghost.
Sagittarian's ghost is severely damaged.
Sagittarian's ghost closely misses you.
You closely miss Sagittarian's ghost.
Sagittarian's ghost is severely damaged.
Sagittarian's ghost misses you.
You miss Sagittarian's ghost.
Sagittarian's ghost is severely damaged.
Sagittarian's ghost hits you!
* * * LOW HITPOINT WARNING * * *
You hit Sagittarian's ghost.
Sagittarian's ghost is almost destroyed.
Sagittarian's ghost hits you.
* * * LOW HITPOINT WARNING * * *
You closely miss Sagittarian's ghost.
Sagittarian's ghost is almost destroyed.
Sagittarian's ghost hits you!
You die...
Your body crumbles into a pile of gold.

#######
#.....############
#.###............. #.#
#############. #@# #....
#W# #.##. #)# ##### # #.
#.###...## #.
######.##.....# #.##.
#.............# #....
...####..#.....#####.###
##.##..........#
#.###.........#


You could see Sagittarian's ghost.

Vanquished Creatures
  Jessica (D:2)
  2 adders
  A worm (D:3)
  A giant gecko (D:2)
  5 orcs (D:3)
  A bat (D:1)
  3 giant cockroaches
  3 hobgoblins (D:1)
  6 jackals (D:1)
  7 kobolds
  2 giant newts
  6 goblins
  2 rats
  4 fungi (D:2)
44 creatures vanquished.

Notes
Turn   | Place    | Note
--------------------------------------------------------------
     0 | D:1      | Jackolantern the Troll Chaos Knight began the quest for the Orb.
     0 | D:1      | Reached XP level 1. HP: 22/22 MP: 0/0
    44 | D:1      | XOM: potion effect (invisibility)
    82 | D:1      | Reached XP level 2. HP: 27/29 MP: 1/1
   265 | D:1      | Reached skill level 1 in Armour
   374 | D:2      | Reached XP level 3. HP: 36/36 MP: 2/2
   382 | D:2      | Found an opulent altar of Gozag.
   390 | D:2      | Fell from the grace of Xom
   390 | D:2      | Became a worshipper of Gozag Ym Sagoz the Greedy
   605 | D:2      | XOM: repel stairs
   644 | D:2      | Noticed Jessica
   678 | D:2      | Killed Jessica
   678 | D:2      | Reached XP level 4. HP: 4/44 MP: 3/3
   781 | D:3      | Reached skill level 1 in Maces & Flails
   856 | D:3      | XOM: chaos upgrade
   909 | D:3      | Noticed Sagittarian's ghost (weakling DsGl)
   913 | D:3      | XOM: enchant monster (bad)
   958 | D:3      | Slain by Sagittarian's ghost

Vault maps used:
D:1:      scummos_arrival_simple_fountains
D:2:      minmay_gold_behind_fungi, st_stairs_11, grunt_gozag_breadcrumbs,
          uniq_jessica, uniq_sigmund
D:3:      first_bread, st_stairs_6

Action                   |  1- 3 |  4- 6 || total
-------------------------+-------+-------++-------
Melee: Falchion          |   127 |       ||   127
       Whip              |    30 |   108 ||   138
 Stab: Invisible         |     3 |       ||     3
  Eat: Chunk             |     1 |       ||     1
       Bread ration      |     1 |     1 ||     2
